 Dungeon Crawl Stone Soup version bcrawl-1.15.1-4-g77d781cab4 (webtiles) character file.

Game seed: 5489234267154684027

207 FishyPogo the Digger (level 5, -2/38 HPs)
             Began as a Draconian Earth Elementalist on Oct 11, 2019.
             Was an Initiate of Ru.
             Slain by a worker ant (4 damage)
             ... on level 3 of the Dungeon.
             The game lasted 00:13:59 (4553 turns).

FishyPogo the Digger (Draconian Earth Elementalist) Turns: 4553, Time: 00:14:00

Health: -2/38      AC:  5    Str: 10    XL:     5   Next: 54%
Magic:  1/9        EV: 13    Int: 15    God:    Ru [......]
Gold:   163        SH:  0    Dex: 13    Spells: 6/10 levels left

rFire    . . .     SeeInvis .   j - +0 whip (pain)
rCold    . . .     Gourm    .   (no shield)
rNeg     . . .     Faith    .   (armour unavailable)
rPois    .         Spirit   .   (helmet restricted)
rElec    .         Reflect  .   (no cloak)
rCorr    .         Harm     .   (no gloves)
MR       .....                  (no boots)
Stlth    ++........             (no amulet)
HPRegen  0.12/turn              (no ring)
MPRegen  0.11/turn              (no ring)

@: lethally poisoned (-2 -> -10)
A: unfitting armour, cold-blooded, AC +5
a: Renounce Religion


You were on level 3 of the Dungeon.
You worshipped Ru.
Ru was noncommittal.
You were not hungry.

You visited 1 branch of the dungeon, and saw 3 of its levels.
You also visited: Sewer.

You collected 163 gold pieces.

Inventory:

Hand Weapons
 j - a +0 whip of pain (weapon)
Missiles
 b - 848 stones (quivered)
Scrolls
 d - a scroll of fog {unknown}
 k - a scroll of teleportation
Potions
 a - a potion of mutation {unknown}
 e - 2 potions of lignification {unknown}
 f - 2 potions of flight {unknown}
 g - a potion of degeneration {unknown}
 h - 3 potions of curing {unknown}
 i - 2 potions of heal wounds {unknown}
 l - a potion of ambrosia {unknown}
Comestibles
 c - 6 rations {!d}
 m - 9 chunks of flesh


   Skills:
 + Level 2.7 Dodging
 - Level 3.0 Stealth
 + Level 3.0 Spellcasting
   Level 1.0 Transmutations
 * Level 4.6 Earth Magic


You had 6 spell levels left.
You knew the following spells:

 Your Spells              Type           Power        Failure   Level  Hunger
a - Sandblast             Erth           ###...       3%          1    #......
b - Stone Arrow           Conj/Erth      #.....       22%         3    ###....

Your spell library contained the following spells:

 Spells                   Type           Power        Failure   Level  Hunger
 Passwall                 Tmut/Erth      ##......     10%         2    ##.....
 Shock                    Conj/Air       #....        21%         1    #......
 Swiftness                Chrm/Air       #.......     30%         2    ##.....
 Static Discharge         Air            #.......     52%         3    ###....
 Petrify                  Tmut/Erth      ##......     52%         4    #####..
 Lee's Rapid Deconstruct  Erth           ###.......   63%         5    ######.
 Airstrike                Air            #.........   89%         4    #####..
 Lightning Bolt           Conj/Air       #.........   99%         5    ######.


Dungeon Overview and Level Annotations

Branches:
Dungeon (3/12)

Altars:
Ashenzari
Makhleb
Ru


Innate Abilities, Weirdness & Mutations

Your plain brown scales are hard. (AC +5)
You cannot fit into any form of body armour.
You are cold-blooded and may be slowed by cold attacks.


Message History

Aiming: Sandblast (safe; 3% risk of failure)
Press: ? - help, Shift-Dir - straight line, f/p - worker ant
Aim: a worker ant (severely wounded)
The blast of sand hits the worker ant.
The worker ant is almost dead.
b - 848 stones You feel sick.
The worker ant bites you.
* * * LOW HITPOINT WARNING * * *
You barely miss the worker ant.
The worker ant is almost dead.
* * * LOW HITPOINT WARNING * * *
You feel sick. The worker ant bites you.
* * * LOW HITPOINT WARNING * * *
You are more poisoned.
The worker ant poisons you!
You hit the worker ant but do no damage.
The worker ant is almost dead.
* * * LOW HITPOINT WARNING * * *
You feel sick. The worker ant bites you.
You die...

..#########.#......####.####.#
..#...........###..# #...##.#
...####.####.# #.# ###..#.##
#..##.....##.####.######.÷...
#..#.......#.##.........###..
#..#.......#............# ###
#....÷._.....##.........#
#..#.......#a##.........#
#..#.......#@##.........#
##.##.....##.##..<......#
#.####.####............#
#............#.........#
####.........###########
###########


You could see a worker ant.

Vanquished Creatures
  A big kobold (Sewer)
  Robin (D:3)
  2 adders
  2 worms
  2 dart slugs (D:2)
  5 leopard geckos (D:1)
  5 giant cockroaches (D:1)
  15 goblins
  6 hobgoblins
  13 jackals
  10 kobolds
  3 quokkas
  3 ball pythons
  6 bats
  3 frilled lizards (D:1)
  14 rats
91 creatures vanquished.

Notes
Turn   | Place    | Note
-------+----------+-------------------------------------------
     0 | D:1      | FishyPogo the Draconian Earth Elementalist began the quest
                  | for the Orb.
     0 | D:1      | Reached XP level 1. HP: 14/14 MP: 3/3
   469 | D:1      | Reached XP level 2. HP: 20/20 MP: 1/5
  1131 | D:1      | Reached XP level 3. HP: 5/26 MP: 6/6
  1172 | D:1      | HP: 1/26 [kobold/cursed -2 dagger (2)]
  2626 | D:2      | Learned a level 3 spell: Stone Arrow
  2830 | D:2      | Found a sacrificial altar of Ru.
  2835 | D:2      | Became a worshipper of Ru the Awakened
  3121 | D:2      | Reached XP level 4. HP: 33/33 MP: 3/7
  3160 | D:2      | Found a burning altar of Makhleb.
  3326 | D:3      | Noticed Robin
  3401 | D:2      | Reached skill level 4 in Earth Magic
  3770 | D:3      | Found a glowing drain.
  3785 | Sewer    | Entered a sewer
  3847 | Sewer    | Noticed a big kobold
  3907 | Sewer    | Killed a big kobold
  3907 | Sewer    | Reached XP level 5. HP: 14/38 MP: 2/9
  4201 | Sewer    | Found a white marble altar of Elyvilon.
  4301 | D:3      | Found a shattered altar of Ashenzari.
  4500 | D:3      | Killed Robin
  4553 | D:3      | Slain by a worker ant

Skill      XL: |  1  2  3  4  5 |
---------------+----------------+-----
Dodging        | 2 |  2.7
Earth Magic    | 4 |  4.6
Stealth        | 3 |  3.0
Spellcasting   | 3 |  3.0
Transmutations | |  1.0

Action                   |  1- 3 |  4- 6 || total
-------------------------+-------+-------++-------
Melee: Unarmed           |   271 |       ||   271
       Tailslap          |    30 |    10 ||    40
       Whip              |       |   173 ||   173
 Cast: Sandblast         |    30 |     2 ||    32
       Stone Arrow       |     6 |    16 ||    22
  Use: Scroll            |     1 |     2 ||     3
 Stab: Sleeping          |     1 |     2 ||     3
  Eat: Chunk             |     9 |     7 ||    16
Armor: Skin              |    94 |    71 ||   165
Dodge: Dodged            |   211 |   178 ||   389
